Map: Oxide LE

Players

goblin

  • Race: Protoss Protoss
  • League: Grandmaster
  • Spawn Location: 7:00

KingCobra - Winner!

  • Race: Protoss Protoss
  • Spawn Location: 1:00

Event: DreamHack SC2 Masters 2020 Winter

VOD

Have the link to the VOD?

Description

Time

  • Played on: Oct. 14, 2020, 2:02 p.m.
  • Length: 3:02

All games in this series

Show
View Real Time Build Order
Export as new Build Order

goblin Protoss 

Build Orders:  

Get SALT Encoding   

  12  0:00  Probe  
  13  0:12  Probe  
  14  0:16  Pylon  
  14  0:24  Probe (Chrono Boost)  
  15  0:36  Gateway, Probe (Chrono Boost)  
  16  0:44  Probe (Chrono Boost)  
  16  0:45  Assimilator  
  17  0:51  Probe  
  17  0:55  Assimilator  
  18  1:03  Probe  
  19  1:06  Pylon  
  19  1:22  Zealot (Chrono Boost)  
  20  1:32  Cybernetics Core  
  20  1:45  Probe  
  20  1:46  Pylon  
  21  1:56  Pylon  
  21  2:05  Gateway  
  23  2:10  Shield Battery  
  23  2:22  Pylon  
  21  2:33  Robotics Facility  
  21  2:35  Pylon  
Show
View Real Time Build Order
Export as new Build Order

KingCobra Protoss - Winner!

Build Orders:  

Get SALT Encoding   

  12  0:00  Probe (Chrono Boost)  
  13  0:09  Probe (Chrono Boost)  
  14  0:14  Probe (Chrono Boost)  
  14  0:20  Pylon  
  15  0:38  Forge  
  15  1:03  Pylon  
  15  1:05  Pylon  
  15  1:07  Pylon  
  15  1:25  Photon Cannon  
  14  1:28  Gateway  
  14  1:34  Photon Cannon  
  14  1:38  Gateway  
  14  1:41  Pylon  
  14  2:06  Photon Cannon  
  14  2:08  Pylon  
  15  2:23  Photon Cannon  
  15  2:24  Zealot (Chrono Boost)  
  15  2:29  Photon Cannon  
  16  2:42  Photon Cannon  
  15  2:51  Photon Cannon  
Tags
 
Add a new tag
Caveats
  • Supply blocks, unpowered buildings, or Contaminate may cause inaccurate times.
  • Supply counts are checked every 10 seconds.